 Dungeon Crawl Stone Soup version 0.30-b1-2-g02819fbbbe (webtiles) character file.

Game seed: 3441955810235323427

875 Alarkh the Martial Artist (level 7, 0/48 (52) HPs)
             Began as a Demonspawn Delver on May 22, 2023.
             Was an Elder of Uskayaw.
             Slain by a wight
             ... wielding a +3 scimitar
              (11 damage)
             ... on level 5 of the Dungeon.
             The game lasted 00:08:38 (4236 turns).

Alarkh the Martial Artist (Demonspawn Delver)       Turns: 4236, Time: 00:08:38

HP:   0/48 (52)     AC:  8    Str: 13    XL:     7   Next: 74%
MP:   7/7           EV: 16    Int: 13    God:    Uskayaw [****..]
Gold: 314           SH:  0    Dex: 14    Spells: 6/6 levels left

rFire   . .          .
                       - Unarmed
rCold   . . .        (no shield)
rNeg    . . .        x - +3 leather armour
rPois   .            (helmet restricted)
rElec   .            (no cloak)
rCorr   .            (no gloves)
SInv    .            p - +0 pair of boots
Will    .....        (no amulet)
Stlth   ++           o - +5 ring of evasion
HPRegen 1.28/turn    (no ring)
MPRegen 0.10/turn

%: no passive effects
@: drained, invisible
A: antennae 1, powered by death 2, sharp scales 1, demonic magic 1
a: Renounce Religion, Stomp, Line Pass


You were on level 5 of the Dungeon.
You worshipped Uskayaw.
Uskayaw was noncommittal.
You visited 2 branches of the dungeon, and saw 6 of its levels.

You collected 314 gold pieces.

Inventory:

Hand Weapons
 b - a +0 sling
Missiles
 k - 18 poisoned darts
 t - a throwing net
Armour
 a - a +0 leather armour
 g - a +0 helmet
 p - a +0 pair of boots (worn)
 x - a +3 leather armour (worn)
Magical Staves
 m - a staff of earth
Jewellery
 o - a +5 ring of evasion (left hand)
Wands
 f - a wand of digging (5)
Scrolls
 c - 2 scrolls of magic mapping
 d - 3 scrolls of fear
 e - a scroll of amnesia
 h - 3 scrolls of fog
 i - a scroll of enchant weapon
 n - a scroll of teleportation
 q - 2 scrolls of enchant armour
 r - a scroll of identify
 v - a scroll of noise {unknown}
 y - a scroll of blinking {unknown}
Potions
 j - 2 potions of curing
 l - a potion of cancellation
 s - a potion of might
 w - a potion of resistance
 z - a potion of magic


   Skills:
 - Level 3.0 Fighting
 - Level 1.7 Dodging
 - Level 4.5 Stealth
 + Level 8.3 Unarmed Combat


You had 6 spell levels left.
You didn't know any spells.
Your spell library contained the following spells:

 Spells                   Type           Power      Damage    Failure   Level
 Slow                     Hex            0%         N/A       36%         1
 Ensorcelled Hibernation  Hex/Ice        0%         N/A       52%         2
 Passwall                 Tmut/Erth      0%         N/A       52%         2
 Sublimation of Blood     Necr           0%         N/A       52%         2
 Wereblood                Tmut           0%         N/A       52%         2
 Confusing Touch          Hex            0%         N/A       75%         3
 Portal Projectile        Hex/Tloc       0%         N/A       75%         3
 Spider Form              Tmut/Pois      0%         N/A       75%         3
 Swiftness                Air            0%         N/A       75%         3
 Tukima's Dance           Hex            0%         N/A       75%         3
 Vampiric Draining        Necr           0%         2d6       75%         3
 Volatile Blastmotes      Fire/Tloc      0%         2d10      75%         3
 Anguish                  Hex/Necr       0%         N/A       98%         4
 Fulminant Prism          Conj/Hex       0%         3d5       98%         4
 Iskenderun's Mystic Bla  Conj/Tloc      0%         2d3       98%         4
 Blade Hands              Tmut           0%         N/A       100%        5
 Lee's Rapid Deconstruct  Erth           0%         3d4*      100%        5
 Summon Hydra             Summ           0%         N/A       100%        7


Dungeon Overview and Level Annotations

Branches:
Dungeon (5/15)             Temple (1/1) D:4

Altars:
Dithmenos
Fedhas
Gozag
Hepliaklqana
Nemelex Xobeh
Okawaru
Qazlal
Ru
Sif Muna
Uskayaw

Annotations:
D:2 1 runed translucent door, Crazy Yiuf
D:4 exclusion: black bear


Innate Abilities, Weirdness & Mutations

You have a pair of small antennae on your head.
You regenerate health from kills.
You are partially covered in razor-sharp scales. (AC +1, Slay +1)
Spells you cast may paralyse adjacent enemies.


Message History

You feel drained.
Okay, then.
The wight attacks as you move away! The wight hits you with a +3 scimitar!
* * * LOW HITPOINT WARNING * * *
You feel drained.
* * * LOW HITPOINT WARNING * * *
The wight attacks as you move away! The wight hits you but does no damage.
The wight attacks as you move away! The wight closely misses you.
Okay, then.
You fade into invisibility!
The wight barely misses you. x2; The wight closely misses you.
You strike the helpless wight from behind!
You hit the wight.
The wight is moderately damaged.
You catch the helpless wight completely off-guard!
You hit the wight but do no damage.
The wight is moderately damaged.
The wight misses you.
You hit the wight.
The wight is moderately damaged.
The wight hits you with a +3 flail.
* * * LOW HITPOINT WARNING * * *
You feel drained.
* * * LOW HITPOINT WARNING * * *
Uskayaw will force your foes to helplessly watch your dance.
You catch the helpless wight completely off-guard!
You punch the wight!
You destroy the wight!
You punch the wight!
The wight is heavily damaged.
The wight closely misses you.
Uskayaw will force your foes to share their pain.
Uskayaw links your audience in an emotional bond!
You hit the wight but do no damage.
The wight is heavily damaged.
The wight completely misses you. The wight hits you but does no damage.
You closely miss the wight.
The wight is heavily damaged.
The wight barely misses you. The wight hits you with a +3 scimitar!
You die...

..............# #.......#
..............# #.......#
#....).†.....# #[......#
#............# #.....).#
#....!.......##.#......)#####
#............##.#......).†...
#............##.#......))....
###+#.....######zz..#.##..#######
..........# ####@...#.##..#
..........# #.......#.##..#######
..........###.......#<##.......).
............+....................
.........####....)..##+#+########
.)...(...# ###................##
###+##'### #.....#..........##
#.########.##..#..........##
#..........##..#............


You could see 2 wights.

Vanquished Creatures
  A water moccasin (D:5)
  A phantom (D:5)
  2 scorpions
  2 wights (D:5)
  A jelly (D:4)
  A hound (D:5)
  A gnoll bouda (D:5)
  An iguana (D:4)
  Ijyb (D:4)
  2 orc wizards (D:5)
  Robin (D:2)
  6 gnolls
  9 adders
  A shadow imp (D:5)
  A worm (D:4)
  2 dart slugs (D:4)
  15 orcs
  12 endoplasms
  A giant cockroach (D:1)
  10 goblins
  11 hobgoblins
  7 kobolds
  6 quokkas
  7 ball pythons
  8 bats
  3 frilled lizards (D:2)
  9 rats
122 creatures vanquished.

Notes
Turn   | Place    | Note
-------+----------+-------------------------------------------
     0 | D:5      | Alarkh the Demonspawn Delver began the quest for the Orb.
     0 | D:5      | Reached XP level 1. HP: 18/18 MP: 1/1
    79 | D:4      | Found a hide-covered altar of Uskayaw.
    94 | D:4      | Became a worshipper of Uskayaw the Reveller
   134 | D:4      | Reached skill level 2 in Unarmed Combat
   135 | D:4      | Reached * piety under Uskayaw
   140 | D:4      | Noticed an iguana
   156 | D:4      | Reached ** piety under Uskayaw
   184 | D:4      | Killed an iguana
   185 | D:4      | Reached skill level 3 in Unarmed Combat
   185 | D:4      | Gained mutation: You are partially covered in razor-sharp
                  | scales. (AC +1, Slay +1) [demonic ancestry]
   185 | D:4      | Reached XP level 2. HP: 22/24 MP: 2/2
   185 | D:4      | Gained mutation: Spells you cast may paralyse adjacent
                  | enemies. [demonic ancestry]
   185 | D:4      | Reached XP level 3. HP: 27/29 MP: 3/3
   354 | D:4      | Noticed a black bear
   372 | D:3      | Found a sparkling altar of Nemelex Xobeh.
   480 | D:2      | Noticed Robin
   514 | D:2      | Reached *** piety under Uskayaw
   596 | D:2      | Found a sparkling altar of Nemelex Xobeh.
   668 | D:2      | Killed Robin
   669 | D:2      | Reached skill level 4 in Unarmed Combat
   669 | D:2      | Gained mutation: You regenerate a little health from kills.
                  | [demonic ancestry]
   669 | D:2      | Reached XP level 4. HP: 27/35 MP: 4/4
  1976 | D:2      | Reached XP level 5. HP: 38/41 MP: 5/5
  2107 | D:2      | Found a runed translucent door.
  2108 | D:2      | Noticed Crazy Yiuf
  2172 | D:3      | Reached skill level 5 in Unarmed Combat
  3282 | D:4      | Gained mutation: You regenerate health from kills. [demonic
                  | ancestry]
  3282 | D:4      | Reached XP level 6. HP: 38/47 MP: 6/6
  3371 | D:4      | Reached skill level 6 in Unarmed Combat
  3509 | D:4      | Noticed Ijyb
  3543 | D:4      | Killed Ijyb
  3715 | D:4      | Found a staircase to the Ecumenical Temple.
  3724 | Temple   | Entered the Ecumenical Temple
  3787 | D:4      | Found a shimmering blue altar of Sif Muna.
  3789 | D:4      | Found an iron altar of Okawaru.
  4099 | D:5      | Noticed a water moccasin
  4109 | D:5      | Killed a water moccasin
  4110 | D:5      | Reached skill level 7 in Unarmed Combat
  4110 | D:5      | Gained mutation: You have a pair of small antennae on your
                  | head. [demonic ancestry]
  4110 | D:5      | Reached XP level 7. HP: 52/52 MP: 7/7
  4124 | D:5      | Reached **** piety under Uskayaw
  4132 | D:5      | Reached ***** piety under Uskayaw
  4141 | D:5      | Reached ****** piety under Uskayaw
  4221 | D:5      | Reached skill level 8 in Unarmed Combat
  4236 | D:5      | Slain by a wight

Illustrated notes

Levels and vault maps discovered:
D:1:      minmay_arrival_plants_in_alcoves, layout_loops_cross
D:2:      layout_loops_corners, basic_altar, uniq_robin, uniq_crazy_yiuf_cottage
D:3:      layout_loops_ring, nemelex_xobeh_ov_fountains_minmay
D:4:      minmay_bubble_buster, layout_basic, nicolae_overflow_hidden_temple,
          old_standard_altar, temple_hall, amcnicky_mini_pool_small,
          chequers_serial_rivers_micro_b, uniq_ijyb
D:5:      layout_basic, mainiacjoe_overflow_big_doors, serial_curves,
          eino_curves_01, eino_curves_04
Temple:   nicolae_temple_ecumenical_triangle

Skill      XL: |  1  2  3  4  5  6  7 |
---------------+----------------------+-----
Unarmed Combat | 3 4 5 7 8 |  8.3
Fighting       | |  3.0
Dodging        | |  1.7
Stealth        | |  4.5

Action                     |  1- 3 |  4- 6 |  7- 9 || total
---------------------------+-------+-------+-------++-------
  Melee: Unarmed           |    31 |   219 |    46 ||   296
         Punch             |       |     5 |     2 ||     7
   Fire: Sling             |    45 |   121 |     2 ||   168
    Use: Potion            |     1 |     1 |     1 ||     3
         Scroll            |     1 |     6 |     1 ||     8
   Stab: Paralysed         |     1 |     2 |     2 ||     5
         Sleeping          |       |     7 |     1 ||     8
         Invisible         |       |       |     3 ||     3
 Armour: Leather armour    |     9 |    80 |    15 ||   104
  Dodge: Dodged            |    20 |   164 |    48 ||   232
